AoeStats
← Minister of Silly Walks

African Clearing

510287467Analyzed
2v2 RM · 8h ago on Sep 30, 2026· 23m 23s· 4 players
Game mode
Random Map
Map size
Medium (4 player)
Population
200
Speed
Normal
Resources
Standard
Victory
Conquest
Starting age
Dark Age
Ending age
Imperial Age
RankedLock teamsTeams togetherTeam positionsShared explorationLock speedFull tech treeHidden civsTurbo modeCheats
Victory
Defeat
🇨🇦 Huns · Canada
1275
+18
🇫🇷 Saxons · France
1216
+22
1328
-20
🇫🇷 Malians · France
1323
-20
Jaha
12:29 Feudal Age
12:55 Town Watch
13:23 Double-Bit Axe
13:48 Loom
15:08 Fletching
16:37 Padded Archer Armor
22:03 Man-at-Arms
23:04 Scale Mail Armor
Minister of Silly Walks
6:59 Loom
13:21 Feudal Age
13:27 Feudal Age
13:51 Man-at-Arms
18:26 Castle Age
16:33 Arson
17:20 Scale Mail Armor
18:58 Double-Bit Axe
19:30 Chain Mail Armor
18:59 Long Swordsman
BigTontonP
8:47 Loom
15:05 Feudal Age
19:55 Castle Age
18:53 Fletching
[LaRac] NiceGoldI'llTakeIt
11:36 Loom
13:21 Feudal Age
17:40 Castle Age
17:40 Scale Mail Armor
17:35 Double-Bit Axe
21:31 Gambesons
21:50 Squires
22:37 Man-at-Arms
23:03 Gambesons
Connection lost

Rejoining the realm…

Still unreachable

The connection could not be restored.

Session expired

The server has moved on; the page needs a fresh start.